AoeStats
← RoR | Vodka_L_2

Arabia

510122040Analyzed
1v1 RM · 3d ago on Sep 29, 2026· 32m 15s· 2 players
Game mode
Random Map
Map size
Tiny (2 player)
Population
200
Speed
Normal
Resources
Standard
Victory
Conquest
Starting age
Dark Age
Ending age
Imperial Age
RankedLock teamsTeams togetherTeam positionsShared explorationLock speedFull tech treeHidden civsTurbo modeCheats
Victory
Defeat
🇮🇹 Danes · Italy
2564
+13
🇻🇳 Tupi · Vietnam
2501
-13
Hoanginator
10:14 Feudal Age
10:37 Champi Runner
12:24 Loom
15:25 Castle Age
14:30 Scale Mail Armor
14:21 Arson
15:22 Double-Bit Axe
16:04 Champi Warrior
17:26 Squires
RoR | Vodka_L_2
9:04 Loom
10:06 Loom
12:10 Feudal Age
15:59 Castle Age
14:11 Double-Bit Axe
15:03 Fletching
16:37 Bodkin Arrow
21:16 Town Watch
28:45 Wheelbarrow
29:20 Redemption
30:27 Sanctity
Connection lost

Rejoining the realm…

Still unreachable

The connection could not be restored.

Session expired

The server has moved on; the page needs a fresh start.